AoeStats
← Lord Tito

Hill Fort

504893457Analyzed
2v2 RM · 24d ago on Sep 7, 2026· 48m 27s· 4 players
Game mode
Random Map
Map size
Medium (4 player)
Population
200
Speed
Normal
Resources
Standard
Victory
Conquest
Starting age
Dark Age
Ending age
Imperial Age
RankedLock teamsTeams togetherTeam positionsShared explorationLock speedFull tech treeHidden civsTurbo modeCheats
Victory
Defeat
🇺🇸 Byzantines · United States
941
+15
🇺🇸 Franks · United States
883
+17
🇹🇷 Slavs · Türkiye
910
-16
🇦🇷 Huns · Argentina
904
-16
Lord Tito
0:46 Loom
11:25 Feudal Age
12:56 Wheelbarrow
12:36 Double-Bit Axe
13:56 Bloodlines
13:38 Horse Collar
17:32 Scale Barding Armor
23:36 Castle Age
23:55 Gold Mining
23:58 Stone Mining
24:23 Forging
24:14 Scale Mail Armor
24:58 Bow Saw
25:36 Husbandry
24:58 Light Cavalry
26:02 Chain Barding Armor
27:51 Heavy Plow
29:55 Gold Shaft Mining
29:40 Hand Cart
29:21 Pikeman
30:01 Squires
29:47 Arson
39:30 Imperial Age
39:25 Marauders
40:20 Halberdier
41:18 Chain Mail Armor
41:39 Iron Casting
47:22 Chemistry
46:42 Ballistics
Parlak Aura Giysisi
7:33 Loom
9:50 Feudal Age
10:26 Double-Bit Axe
12:49 Horse Collar
18:50 Castle Age
16:58 Stone Mining
18:53 Scale Barding Armor
21:32 Bow Saw
21:25 Heavy Plow
24:47 Husbandry
25:17 Gold Mining
26:15 Chain Barding Armor
28:04 Forging
35:26 Imperial Age
33:39 Wheelbarrow
32:51 Town Watch
36:28 Hand Cart
36:24 Light Cavalry
37:15 Bloodlines
37:41 Plate Barding Armor
37:42 Iron Casting
37:53 Conscription
38:56 Gold Shaft Mining
39:28 Town Patrol
40:52 Blast Furnace
39:52 Scale Mail Armor
39:53 Hussar
40:51 Squires
40:12 Man-at-Arms
41:31 Druzhina
41:23 Long Swordsman
42:22 Two-Handed Swordsman
44:18 Champion
48:16 Chain Mail Armor
KingNEET
8:55 Loom
11:11 Feudal Age
14:43 Wheelbarrow
18:16 Castle Age
16:50 Double-Bit Axe
18:40 Forging
18:36 Horse Collar
21:18 Pikeman
22:31 Heavy Plow
24:52 Hand Cart
24:48 Squires
26:37 Fletching
27:23 Iron Casting
27:56 Scale Mail Armor
31:59 Imperial Age
31:25 Elite Skirmisher
32:24 Chain Mail Armor
32:54 Halberdier
36:53 Plate Mail Armor
39:16 Arson
40:36 Logistica
40:53 Conscription
40:01 Elite Cataphract
43:49 Ballistics
43:52 Scale Barding Armor
43:44 Bodkin Arrow
43:49 Padded Archer Armor
46:41 Leather Archer Armor
46:27 Bracer
48:14 Conscription
48:25 Chain Barding Armor
Vaporizen
1:04 Loom
12:39 Feudal Age
14:05 Wheelbarrow
19:56 Castle Age
19:12 Double-Bit Axe
19:46 Scale Barding Armor
20:39 Fletching
24:15 Forging
26:09 Pikeman
28:25 Gambesons
28:26 Arson
28:40 Town Watch
28:59 Scale Mail Armor
33:42 Chain Barding Armor
33:58 Iron Casting
33:56 Light Cavalry
36:32 Hand Cart
39:31 Imperial Age
39:27 Chain Mail Armor
42:04 Blast Furnace
41:26 Halberdier
Connection lost

Rejoining the realm…

Still unreachable

The connection could not be restored.

Session expired

The server has moved on; the page needs a fresh start.